 Dungeon Crawl Stone Soup version 0.29-a0-118-g06d03a830b (webtiles) character file.

Game seed: 796319842168887683

33 Gargoyl the Skirmisher (level 3, -2/24 HPs)
             Began as a Gargoyle Abyssal Knight on Feb 19, 2022.
             Was a Follower of Lugonu.
             Slain by an adder (3 damage)
             ... on level 2 of the Dungeon.
             The game lasted 00:01:26 (1485 turns).

Gargoyl the Skirmisher (Gargoyle Abyssal Knight)    Turns: 1485, Time: 00:01:26

Health: -2/24      AC: 12    Str: 18    XL:     3   Next: 29%
Magic:  4/4        EV:  7    Int: 10    God:    Lugonu [*.....]
Gold:   75         SH:  0    Dex: 10    Spells: 2/2 levels left

rFire   . . .      SeeInvis .   f - +0 trident (venom)
rCold   . . .      Faith    .   (no shield)
rNeg    + . .      Spirit   .   j - +0 chain mail
rPois   ∞          Reflect  .   (no helmet)
rElec   +          Harm     .   (no cloak)
rCorr   +          Rampage  .   (no gloves)
Will    .....                   (no boots)
Stlth   ..........              (no amulet)
HPRegen 0.08/turn               e - ring of resist corrosion
MPRegen 0.09/turn               (no ring)

@: brilliant
A: sickness immunity, AC +3, negative energy resistance 1, electricity
resistance, torment resistance 1, petrification resistance
a: Renounce Religion, Depart the Abyss


You were on level 2 of the Dungeon.
You worshipped Lugonu.
Lugonu was aware of your devotion.
You visited 1 branch of the dungeon, and saw 2 of its levels.
You visited the Abyss 1 time.

You collected 75 gold pieces.

Inventory:

Hand Weapons
 a - a +1 hand axe
 f - a +0 trident of venom (weapon)
Armour
 j - a +0 chain mail (worn)
Jewellery
 e - a ring of resist corrosion (left hand)
Scrolls
 c - 2 scrolls of identify {unknown}
 d - a scroll of teleportation {unknown}
 g - a scroll of amnesia {unknown}
 i - a scroll of vulnerability {unknown}


   Skills:
 + Level 3.9 Fighting
 + Level 1.9(2.1) Axes
 + Level 1.1(1.6) Polearms
 + Level 2.5 Armour
 + Level 0.7 Dodging
 + Level 2.3 Invocations


You had 2 spell levels left.
You didn't know any spells.
Your spell library contained the following spells:

 Spells                   Type           Power      Damage    Failure   Level
 Shock                    Conj/Air       0%         1d3       99%         1
 Swiftness                Air            0%         N/A       100%        3
 Airstrike                Air            0%         N/A       100%        4


Dungeon Overview and Level Annotations

Branches:
Dungeon (2/15)

Altars:


Innate Abilities, Weirdness & Mutations

You are immune to sickness and miasma.
Your stone body is resilient. (AC +3)
You are immune to poison.
You resist negative energy. (rN+)
You are resistant to electric shocks. (rElec)
You are resistant to unholy torment.
You are immune to petrification.


Message History

The ball python grabs you. The ball python constricts you.
The ball python's grasp on you weakens, but your attempt to escape fails.
The ball python bites you but does no damage.
The ball python constricts you. The adder bites you.
* * * LOW HITPOINT WARNING * * *
You can't go up here!
You escape the ball python's grasp.
The ball python bites you but does no damage.
The ball python completely misses you.
There is a stone staircase leading up here.
The adder bites you.
* * * LOW HITPOINT WARNING * * *
The ball python closely misses you. The ball python grabs you.
You stop ascending the stairs.
The ball python constricts you. The adder bites you but does no damage.
Unknown command.
You escape the ball python's grasp.
The orc hits you with a +0 dagger.
* * * LOW HITPOINT WARNING * * *
The adder bites you but does no damage. The ball python closely misses you.
The ball python grabs you.
You stop ascending the stairs.
The ball python constricts you.
Unknown command.
Unknown command.
You escape the ball python's grasp.
The endoplasm quivers.
The adder barely misses you. The orc hits you but does no damage.
The ball python closely misses you. The ball python grabs you.
You stop ascending the stairs.
The ball python constricts you.
Unknown command.
It was a potion of brilliance.
You feel clever all of a sudden. The adder bites you.
* * * LOW HITPOINT WARNING * * *
The orc hits you but does no damage.
The ball python bites you but does no damage.
The ball python constricts you. The adder bites you but does no damage.
You escape the ball python's grasp.
The endoplasm jiggles.
The adder bites you.
You die...

#### ##.###. ....
...#..
...####..#.####.
##.#............
#.......#.......
#..........#.# ###
#...<.........
#....###.S......#....
#..@S...J.....# .
#.....o######.#.#
#.#?#### .# # # #. .#
# #


You could see an adder, an orc, an endoplasm and a ball python.

Vanquished Creatures
  An adder (D:2)
  4 endoplasms (D:1)
  2 goblins (D:1)
  2 hobgoblins (D:1)
  A ball python (D:1)
  A bat (D:1)
  3 frilled lizards (D:1)
  6 kobolds (D:1)
  4 rats (D:1)
24 creatures vanquished.

Vanquished Creatures (others)
  10 plants (D:1)
10 creatures vanquished.

Grand Total: 34 creatures vanquished

Notes
Turn   | Place    | Note
-------+----------+-------------------------------------------
     0 | Abyss:1  | Gargoyl the Gargoyle Abyssal Knight began the quest for the
                  | Orb.
     0 | Abyss:1  | Reached XP level 1. HP: 14/14 MP: 2/2
    46 | D:1      | Escaped the Abyss
   495 | D:1      | Reached * piety under Lugonu
   502 | D:1      | Reached XP level 2. HP: 19/19 MP: 3/3
  1071 | D:1      | Found a faded altar of an unknown god.
  1242 | D:1      | Reached XP level 3. HP: 18/24 MP: 4/4
  1473 | D:2      | Reached skill level 1 in Polearms
  1481 | D:2      | HP: 1/24 [adder (2)]
  1485 | D:2      | Slain by an adder

Illustrated notes

Levels and vault maps discovered:
D:1:      scummos_arrival_simple_fountains, layout_loops_corners,
          shapermc_ecumenical_altar_gd, minmay_fountain_box,
          lexackson_kobold_supper
D:2:      layout_basic

Skill      XL: |  1  2  3 |
---------------+----------+-----
Polearms       | 1 |  1.1
Fighting       | |  3.9
Axes           | |  1.9
Armour         | |  2.5
Dodging        | |  0.7
Invocations    | |  2.3

Action                   || total
-------------------------++-------
Melee: Hand axe          ||    11
       Trident           ||    47
Invok: Depart the Abyss  ||     1
  Use: Potion            ||     1
Armor: Leather armour    ||    12
       Chain mail        ||    33
Dodge: Dodged            ||    27

Table legend: (Time is in decaauts)
 A = Elapsed time spent in this place.
 B = Non-inter-level travel time spent in this place.
 C = Inter-level travel time spent in this place.
 D = Time resting spent in this place.
 E = Time spent auto-exploring this place.
 F = Levels seen in this place.
 G = Mean time per level.
                   A        B        C        D        E       F      G
               +--------+--------+--------+--------+--------+-----+--------+
         Total |   1498 |   1476 |     22 |      0 |   1225 |   3 |  499.3 |
       Dungeon |   1451 |   1429 |     22 |      0 |   1178 |   2 |  725.5 |
         Abyss |     47 |     47 |      0 |      0 |     47 |   1 |   47.0 |
               +--------+--------+--------+--------+--------+-----+--------+

Top non-repeatable levels by time:
     D:1: 1427 daAuts
 Abyss:1: 47 daAuts
     D:2: 23 daAuts
